 Dungeon Crawl Stone Soup version 0.19.0-24-gb05acd6 (webtiles) character file.

398 JupeMK the Chopper (level 6, 0/56 HPs)
             Began as a Minotaur Berserker on Nov 22, 2016.
             Was a Priest of Trog.
             Slain by Rrauwl's ghost (2 damage)
             ... on level 4 of the Dungeon.
             The game lasted 00:16:21 (3143 turns).

JupeMK the Chopper (Minotaur Berserker)             Turns: 3143, Time: 00:16:21

Health: 0/56       AC:  9    Str: 24    XL:     6   Next: 53%
Magic:  5/5        EV: 10    Int:  4    God:    Trog [***...]
Gold:   200        SH: 12    Dex:  9    Spells: 0 memorised, 5 levels left

rFire  . . .     SeeInvis .     s - +1 hand axe (chop)
rCold  . . .     Gourm    .     X - +0 scale mail
rNeg   . . .     Faith    .     m - +0 large shield
rPois  .         Spirit   .     (helmet restricted)
rElec  .         Reflect  .     (no cloak)
rCorr  .         Harm     .     (no gloves)
MR     .....                    (no boots)
Stlth  ..........               (no amulet)
                                D - +4 ring of evasion
                                l - +2 ring of protection

@: no status effects
A: retaliatory headbutt, horns 2
a: Berserk, Trog's Hand, Burn Spellbooks, Renounce Religion


You were on level 4 of the Dungeon.
You worshipped Trog.
Trog was most pleased with you.
You were not hungry.

You visited 1 branch of the dungeon, and saw 4 of its levels.

You collected 200 gold pieces.

Inventory:

Hand Weapons
 a - a +0 hand axe
 g - a +1 shortbow of flaming
 h - a +0 short sword
 k - a +0 whip
 s - a +1 hand axe of chopping (weapon)
 v - a +0 trident
 x - a +0 hunting sling
 A - a cursed +0 flail
 B - a +0 spear
 V - a +0 war axe
Missiles
 d - 36 poisoned needles
 o - 168 stones (quivered)
 t - 6 needles of confusion
 F - 8 curare-tipped needles
 N - a throwing net
 T - 58 arrows
Armour
 b - a +0 animal skin
 m - a +0 large shield (worn)
 H - a +0 ring mail
 J - a +0 ring mail
 K - a +0 ring mail
 W - a +0 ring mail
 X - a +0 scale mail (worn)
Jewellery
 l - a +2 ring of protection (left hand)
 D - a +4 ring of evasion (right hand)
Scrolls
 f - a scroll of magic mapping {unknown}
 n - a scroll of teleportation {unknown}
 r - 3 scrolls of identify {unknown}
 u - a scroll of immolation {unknown}
 G - 2 scrolls of recharging {unknown}
 S - a scroll of enchant armour {unknown}
Potions
 e - a potion of agility {unknown}
 i - a potion of resistance {unknown}
 j - a potion of berserk rage {unknown}
 p - 2 potions of invisibility {unknown}
 w - a potion of lignification {unknown}
 z - a potion of cancellation {unknown}
 L - a potion of heal wounds {unknown}
 M - a potion of curing {unknown}
 Y - a potion of flight {unknown}
Books
 Q - a book of Misfortune

   Spells                             Type                      Level
   a - Confusing Touch                Hexes                        1
   b - Confuse                        Hexes                        3
   c - Gell's Gravitas                Hexes/Translocation          3
   d - Petrify                        Transmutation/Earth          4
   e - Metabolic Englaciation         Hexes/Ice                    5
   f - Yara's Violent Unravelling     Hexes/Transmutation          5
   Trog disapproves of the use of such an item.
Comestibles
 c - 5 bread rations
 O - a royal jelly
 R - 2 meat rations


   Skills:
 + Level 5.5 Fighting
 * Level 6.1 Axes
 + Level 4.0 Armour
 + Level 3.8 Dodging
 - Level 0.5 Stealth


You had 5 spell levels left.
You didn't know any spells.

Dungeon Overview and Level Annotations

Branches:
Dungeon (4/15)
 Temple: D:4-7

Altars:
Cheibriados
Elyvilon
Ru

Annotations:
D:4 Robin; Rrauwl's ghost, amateur HOFE


Innate Abilities, Weirdness & Mutations

You reflexively headbutt those who attack you in melee.
You have a pair of horns on your head.


Message History

* * * LOW HITPOINT WARNING * * *
The orc warrior hits you from afar with a halberd.
* * * LOW HITPOINT WARNING * * *
You block Rrauwl's ghost's attack.
Robin of the Strong Arm comes into view.
She is wielding a whip of venom. 2 goblins come into view.
Robin shouts!
The goblin shouts!
Robin roars a battlecry!
The goblins go into a battle-frenzy!
A goblin comes into view. It is wielding a club.
A goblin comes into view. It is wielding a club.
The goblin shouts! x2
An adder comes into view.
There is a stone staircase leading up here.
The adder moves out of view.
Robin roars a battlecry!
Rrauwl's ghost hits you.
* * * LOW HITPOINT WARNING * * *
You writhe in agony.
You die...

#. # #. .# #.
.g## ##
#.#####g..
...##.......#
...........##
#...#.#..#.#g
#..@..g.ggg
#...#W##.###g
##.##o# g #.
#.# ##.. #
#.##.....
#[##...[....
#..w/......)
#..#######.#
#..


You could see an orc warrior, Robin, Rrauwl's ghost, a dart slug, 2 hobgoblins
and 5 goblins.

Vanquished Creatures
  A centaur (D:3)
  An orc priest (D:3)
  An orc wizard (D:4)
  Ijyb (D:3)
  A centaur skeleton (D:4)
  A gnoll (D:1)
  9 adders
  An ooze (D:2)
  4 worms
  3 dart slugs
  8 orcs
  4 bats
  A giant cockroach (D:1)
  12 goblins
  15 hobgoblins
  7 jackals (D:2)
  A quokka (D:3)
  A ball python (D:3)
  2 frilled lizards (D:2)
  9 kobolds
  2 rats (D:1)
  2 fungi (D:1)
87 creatures vanquished.

Notes
Turn   | Place    | Note
-------+----------+-------------------------------------------
     0 | D:1      | JupeMK the Minotaur Berserker began the quest for the Orb.
     0 | D:1      | Reached XP level 1. HP: 19/19 MP: 0/0
   320 | D:1      | Reached XP level 2. HP: 14/27 MP: 1/1
   526 | D:1      | Reached skill level 4 in Axes
   542 | D:1      | Reached XP level 3. HP: 29/34 MP: 2/2
  1026 | D:1      | Reached ** piety under Trog
  1303 | D:2      | Found a snail-covered altar of Cheibriados.
  1424 | D:2      | Reached XP level 4. HP: 41/41 MP: 3/3
  1504 | D:2      | Found a sacrificial altar of Ru.
  1733 | D:2      | Found a white marble altar of Elyvilon.
  1930 | D:2      | Reached skill level 5 in Fighting
  2210 | D:3      | Reached XP level 5. HP: 45/48 MP: 4/4
  2223 | D:3      | Reached skill level 5 in Axes
  2285 | D:3      | Noticed Ijyb
  2299 | D:3      | Killed Ijyb
  2476 | D:3      | Noticed a centaur
  2479 | D:3      | Killed a centaur
  2479 | D:3      | Reached XP level 6. HP: 55/56 MP: 5/5
  2559 | D:3      | Reached *** piety under Trog
  3129 | D:4      | Noticed an orc warrior
  3131 | D:4      | Noticed Rrauwl's ghost (amateur HOFE)
  3132 | D:4      | Reached skill level 6 in Axes
  3141 | D:4      | Noticed Robin
  3143 | D:4      | HP: 2/56 [Rrauwl's ghost (4)]
  3143 | D:4      | Slain by Rrauwl's ghost

Skill      XL: |  1  2  3  4  5  6 |
---------------+-------------------+-----
Fighting       | 4 5 |  5.5
Axes           | 4 5 6 |  6.1
Dodging        | 3 |  3.8
Armour         | 3 4 |  4.0
Stealth        | |  0.5

Action                   |  1- 3 |  4- 6 || total
-------------------------+-------+-------++-------
Melee: Hand axe          |   120 |    90 ||   210
       Headbutt          |    15 |    23 ||    38
       War axe           |       |    52 ||    52
  Eat: Pizza             |     1 |     1 ||     2
       Chunk             |       |     5 ||     5
Armor: Animal skin       |    20 |       ||    20
       Ring mail         |     4 |    19 ||    23
       Scale mail        |       |    18 ||    18
Dodge: Dodged            |    62 |    61 ||   123
Block: Large shield      |    21 |    87 ||   108
